 Dungeon Crawl Stone Soup version 0.27.1-3-gb3d3a73c9e (webtiles) character file.

Game seed: 924003975186509327

20 horus123 the Magician (level 2, -1/15 HPs)
             Began as a Deep Elf Hedge Wizard on Oct 17, 2021.
             Killed from afar by Sigmund (6 damage)
             ... with a magic dart
             ... on level 2 of the Dungeon.
             The game lasted 00:02:52 (1201 turns).

horus123 the Magician (Deep Elf Hedge Wizard)       Turns: 1201, Time: 00:02:52

Health: -1/15      AC:  2    Str:  7    XL:     2   Next: 58%
Magic:  3/10       EV: 12    Int: 18    God:
Gold:   67         SH:  0    Dex: 14    Spells: 4/11 levels left

rFire    . . .     SeeInvis .   a - +0 dagger
rCold    . . .     Faith    .   (no shield)
rNeg     . . .     Spirit   .   b - +0 robe
rPois    .         Reflect  .   c - +0 hat
rElec    .         Harm     .   (no cloak)
rCorr    .         Rampage  .   (no gloves)
Will     .....                  (no boots)
Stlth    ++........             (no amulet)
HPRegen  0.05/turn              (no ring)
MPRegen  0.12/turn              (no ring)

@: attractive
A: no striking features
a: no special abilities


You were on level 2 of the Dungeon.
You visited 1 branch of the dungeon, and saw 2 of its levels.

You collected 67 gold pieces.

Inventory:

Hand Weapons
 a - a +0 dagger (weapon)
Armour
 b - a +0 robe (worn)
 c - a +0 hat (worn)
Scrolls
 e - 3 scrolls of blinking {unknown}
 f - a scroll of teleportation {unknown}


   Skills:
 + Level 2.5 Dodging
 + Level 2.6 Stealth
 + Level 5.0 Spellcasting
 * Level 1.2 Conjurations
 * Level 1.4 Summonings
 * Level 1.3 Translocations


You had 4 spell levels left.
You knew the following spells:

 Your Spells              Type           Power      Damage    Failure   Level
a - Magic Dart            Conj           36%        1d4       8%          1
b - Call Imp              Summ           9%         N/A       11%         2
c - Blink                 Tloc           N/A        N/A       12%         2
d - Slow                  Hex            4%         N/A       21%         2

Your spell library contained the following spells:

 Spells                   Type           Power      Damage    Failure   Level
 Conjure Flame            Conj/Fire      6%         6-21      30%         3
 Mephitic Cloud           Conj/Pois/Air  6%         N/A       32%         3


Dungeon Overview and Level Annotations

Branches:
Dungeon (2/15)

Altars:

Annotations:
D:2 Sigmund


Message History

Level annotation: Sigmund
There is a stone staircase leading up here.
Aiming: Magic Dart (safe; 8% risk of failure)
Press: ? - help, Q - select action, (/) - cycle Shift-Dir - straight line, f - goblin
Aim: a goblin, wielding a +0 dagger (wandering, hasn't noticed you, 100% to hit)
The magic dart hits the goblin.
The goblin is severely wounded.
The goblin shouts!
Aiming: Magic Dart (safe; 8% risk of failure)
Press: ? - help, Q - select action, (/) - cycle Shift-Dir - straight line, f/p - goblin
Aim: a goblin, wielding a +0 dagger (severely wounded, 100% to hit)
The magic dart hits the goblin.
You kill the goblin!
Sigmund casts a spell at you. You resist with significant effort.
Casting: Magic Dart (safe; 8% risk of failure)
Confirm with . or Enter, or press ? or * to list all spells.
A beastly little devil appears in a puff of flame.
An endoplasm comes into view.
Casting: Call Imp (safe; 11% risk of failure)
Confirm with . or Enter, or press ? or * to list all spells.
A beastly little devil appears in a puff of frigid air.
Your crimson imp blinks!
Casting: Call Imp (safe; 11% risk of failure)
Confirm with . or Enter, or press ? or * to list all spells.
A shadowy apparition takes form in the air.
Sigmund hits you from afar with a +0 scythe!
Ouch! That really hurt!
* * * LOW HITPOINT WARNING * * *
Your white imp gestures at Sigmund.
The puff of frost hits Sigmund.
It was a potion of attraction.
You feel attractive to monsters.
Sigmund points at your white imp and mumbles some strange words.
Your white imp appears confused.
Sigmund is pulled toward you! The endoplasm is pulled toward you!
Sigmund is pulled toward you! Sigmund casts a spell at you.
The magic dart hits you.
You die...

#...........
#.........#
#..!......#
#.........#
#...5..$..#
#..5.5..).#
#.[.@.....#
##...J...##
##.@...##
#######


You could see Sigmund (ally target), an endoplasm, a friendly crimson imp
(summoned), a friendly white imp (summoned, confused) and a friendly shadow imp
(summoned).

Vanquished Creatures
  A bat (D:1)
  2 endoplasms (D:1)
  2 giant cockroaches (D:1)
  A goblin (D:2)
  2 hobgoblins (D:1)
  2 jackals (D:1)
  A frilled lizard (D:1)
  A kobold (D:1)
  2 rats (D:1)
14 creatures vanquished.

Vanquished Creatures (collateral kills)
  2 kobolds (D:1)
  A quokka (D:1)
3 creatures vanquished.

Grand Total: 17 creatures vanquished

Notes
Turn   | Place    | Note
-------+----------+-------------------------------------------
     0 | D:1      | horus123 the Deep Elf Hedge Wizard began the quest for the
                  | Orb.
     0 | D:1      | Reached XP level 1. HP: 10/10 MP: 7/7
   299 | D:1      | Found a faded altar of an unknown god.
   403 | D:1      | Reached XP level 2. HP: 15/15 MP: 6/9
   577 | D:1      | Learned a level 2 spell: Call Imp
   582 | D:1      | Learned a level 2 spell: Blink
   600 | D:1      | Learned a level 2 spell: Slow
   849 | D:1      | Reached skill level 5 in Spellcasting
  1134 | D:2      | Noticed Sigmund
  1201 | D:2      | Killed from afar by Sigmund

Illustrated notes

Levels and vault maps discovered:
D:1:      amcnicky_arrival_wind_blow, layout_basic,
          hellmonk_ecumenical_altar_leap_of_faith
D:2:      layout_rooms, minmay_cupped, uniq_sigmund

Skill      XL: |  1  2 |
---------------+-------+-----
Spellcasting   | 5 |  5.0
Dodging        | |  2.5
Stealth        | |  2.6
Conjurations   | |  1.2
Summonings     | |  1.4
Translocations | |  1.3

Action                   || total
-------------------------++-------
Melee: Dagger            ||     7
 Cast: Magic Dart        ||    39
       Call Imp          ||     8
  Use: Potion            ||     1
Armor: Robe              ||     2
Dodge: Dodged            ||    10
